[Event "ICC tourney 2198 (45 10)"]
[Site "Internet Chess Club"]
[Date "2020.12.12"]
[Round "1"]
[White "Enamul"]
[Black "HarleyQueen8"]
[Result "1-0"]
[ICCResult "Black checkmated"]
[WhiteElo "2476"]
[BlackElo "1867"]
[Opening "Sicilian"]
[ECO "B50"]
[NIC "SI.01"]
[Time "11:02:27"]
[PlyCount "109"]
[TimeControl "2700+10"]


1. e4 c5 2. Nf3 d6 3. c3 Nf6 4. h3 Nc6 5. Bd3 e6 6. Bc2 d5 7. e5 Nd7 8. d4
Be7 9. O-O b6 10. Re1 Ba6 11. a3 O-O 12. b4 c4 13. Nh2 Bc8 14. Nd2 Ndb8 15.
Ndf3 Re8 16. Bf4 Nd7 17. g3 Nf8 18. h4 Ng6 19. Bd2 a5 20. Ng5 axb4 21. Qh5
Bxg5 22. Bxg5 Qc7 23. axb4 Bb7 24. Qg4 Rxa1 25. Rxa1 Ngxe5 26. dxe5 Qxe5
27. Bd2 Nxb4 28. Re1 Qf6 29. cxb4 Qb2 30. Qd1 c3 31. Be3 Qxb4 32. Qd3 g6
33. Rb1 Qc4 34. Qxc4 dxc4 35. Rxb6 Bd5 36. Ng4 Ra8 37. Nf6+ Kf8 38. Bc5+
Kg7 39. Nxd5 exd5 40. Bd4+ Kf8 41. Bxc3 Ra2 42. Bf6 Ke8 43. Rd6 Ra8 44.
Rxd5 Rc8 45. Kf1 h5 46. f3 Ra8 47. g4 hxg4 48. fxg4 Kf8 49. h5 Kg8 50. hxg6
fxg6 51. Bxg6 Rf8 52. g5 Rc8 53. Rd4 c3 54. Rh4 c2 55. Rh8# { Black
checkmated } 1-0

[Event "ICC tourney 2198 (45 10)"]
[Site "Internet Chess Club"]
[Date "2020.12.12"]
[Round "1"]
[White "VibrantBroccoli"]
[Black "juicysnail"]
[Result "0-1"]
[ICCResult "White checkmated"]
[WhiteElo "1811"]
[BlackElo "2247"]
[Opening "Robatsch defense: two knights variation"]
[ECO "B06"]
[NIC "KF.05"]
[Time "11:02:27"]
[PlyCount "112"]
[TimeControl "2700+10"]


1. e4 g6 2. d4 Bg7 3. Nc3 d6 4. Nf3 a6 5. Be3 b5 6. a3 Bb7 7. Bd3 Nd7 8.
O-O c5 9. dxc5 Nxc5 10. Bd4 e5 11. Bxc5 dxc5 12. Nd5 Ne7 13. Nxe7 Qxe7 14.
c4 O-O 15. Re1 Rfd8 16. Qb3 Bc6 17. cxb5 axb5 18. Bxb5 Rab8 19. a4 Qb7 20.
Qc4 Bxb5 21. axb5 Qxb5 22. Qxb5 Rxb5 23. Rac1 f6 24. h3 Bh6 25. Rc2 Kf7 26.
Ra1 Rd7 27. Kf1 Ke6 28. Ke2 Rb4 29. Rxc5 Rxe4+ 30. Kf1 Rb7 31. Rb1 Reb4 32.
Rc2 e4 33. Nd2 Kd5 34. Ke2 f5 35. f3 e3 36. Nf1 f4 37. Nh2 Bg7 38. Rd1+ Ke6
39. Nf1 Rxb2 40. Rc1 Be5 41. g3 g5 42. gxf4 gxf4 43. Nh2 h5 44. Kf1 Rxc2
45. Rxc2 Rb1+ 46. Kg2 Bd4 47. Re2 Kd5 48. Nf1 Kc4 49. Ng3 fxg3 50. Kxg3 Kd3
51. Rg2 e2 52. Rxe2 Kxe2 53. f4 Bf2+ 54. Kh2 Kf3 55. h4 Bg3+ 56. Kh3 Rh1# {
White checkmated } 0-1

[Event "ICC tourney 2198 (45 10)"]
[Site "Internet Chess Club"]
[Date "2020.12.12"]
[Round "1"]
[White "arconsul2"]
[Black "jy2020"]
[Result "0-1"]
[ICCResult "White resigns"]
[WhiteElo "1800"]
[BlackElo "2227"]
[Opening "English: Neo-Catalan declined"]
[ECO "A14"]
[NIC "RE.11"]
[Time "11:03:48"]
[PlyCount "88"]
[TimeControl "2700+10"]


1. c4 Nf6 2. g3 e6 3. Bg2 d5 4. Nf3 Be7 5. O-O d4 6. d3 c5 7. b4 cxb4 8. a3
bxa3 9. Nxa3 Nc6 10. Qa4 O-O 11. Bf4 Bd7 12. Qb3 Qc8 13. Nc2 Bc5 14. Ne5
Nh5 15. Nxd7 Qxd7 16. Bd2 a6 17. Rfb1 Rab8 18. Qa4 Rfc8 19. Nb4 Bxb4 20.
Bxb4 b5 21. Qxa6 bxc4 22. Bxc6 Rxc6 23. Qa5 Nf6 24. dxc4 Rxc4 25. Bc5 Rc8
26. Bb4 h6 27. Qe5 Qd5 28. Bd6 Qxe5 29. Bxe5 Nd7 30. Bd6 R4c6 31. Bb4 Rb8
32. Ba3 Rbc8 33. Rb7 Nf6 34. Bb2 e5 35. Raa7 Rc2 36. Ba3 Ra2 37. Bd6 Rxa7
38. Rxa7 Re8 39. Ra5 e4 40. Ra4 d3 41. exd3 exd3 42. Rd4 Rd8 43. Be5 Rxd4
44. Bxd4 d2 { White resigns } 0-1

[Event "ICC tourney 2198 (45 10)"]
[Site "Internet Chess Club"]
[Date "2020.12.12"]
[Round "1"]
[White "jmwgroff"]
[Black "mhebden"]
[Result "0-1"]
[ICCResult "White resigns"]
[WhiteElo "1873"]
[BlackElo "2503"]
[Opening "King's Indian: orthodox, Aronin-Taimanov variation (Yugoslav attack / Mar del Plata variation)"]
[ECO "E97"]
[NIC "KI.06"]
[Time "11:02:27"]
[PlyCount "130"]
[TimeControl "2700+10"]


1. d4 Nf6 2. c4 g6 3. Nc3 Bg7 4. e4 d6 5. Nf3 O-O 6. Be2 e5 7. O-O Nc6 8.
d5 Ne7 9. Bd2 Ne8 10. Ne1 f5 11. f3 f4 12. Nd3 g5 13. c5 Ng6 14. cxd6 cxd6
15. Rc1 Rf7 16. Nf2 h5 17. Qc2 Bf8 18. Nb5 Bd7 19. a4 Rg7 20. h3 Qb8 21.
Qb3 Be7 22. Rc2 Bd8 23. a5 a6 24. Na3 b5 25. Nd3 Qa7+ 26. Kh1 g4 27. fxg4
hxg4 28. Nb4 gxh3 29. gxh3 Nf6 30. Nc6 Bxc6 31. dxc6+ Qf7 32. Qxf7+ Rxf7
33. Rg1 Kh7 34. Bg4 Nxg4 35. hxg4 Rc8 36. Bb4 f3 37. Nb1 Rf4 38. Nd2 Bc7
39. Rf1 Kg7 40. Rxf3 Rh8+ 41. Kg1 Rxg4+ 42. Kf1 Nf4 43. Rxf4 Rxf4+ 44. Ke2
Kf6 45. Rc1 Rh2+ 46. Kd3 d5 47. Bc5 dxe4+ 48. Nxe4+ Ke6 49. b4 Kf5 50. Ng3+
Kg4 51. Ne4 Rf3+ 52. Be3 Rhh3 53. Re1 Kf5 54. Nc5 e4+ 55. Nxe4 Bf4 56. c7
Bxc7 57. Nd2 Rxe3+ 58. Rxe3 Rxe3+ 59. Kxe3 Bf4+ 60. Kd3 Bxd2 61. Kxd2 Ke4
62. Kc3 Ke3 63. Kb3 Kd3 64. Kb2 Kc4 65. Ka3 Kc3 { White resigns } 0-1

[Event "ICC tourney 2198 (45 10)"]
[Site "Internet Chess Club"]
[Date "2020.12.12"]
[Round "1"]
[White "DanielA1926"]
[Black "SupaHotFiya"]
[Result "0-1"]
[ICCResult "White resigns"]
[WhiteElo "1633"]
[BlackElo "1982"]
[Opening "Queen's Pawn"]
[ECO "A41"]
[NIC "QO.17"]
[Time "11:02:27"]
[PlyCount "142"]
[TimeControl "2700+10"]


1. d4 d6 2. Nf3 g6 3. e4 Bg7 4. Be3 Nf6 5. Nc3 O-O 6. Qd2 a6 7. Be2 b5 8.
Bh6 b4 9. Nd5 Nxe4 10. Qe3 Nf6 11. Nxe7+ Kh8 12. Bxg7+ Kxg7 13. Nxc8 Re8
14. Qd2 Qxc8 15. O-O c5 16. c3 bxc3 17. bxc3 Ne4 18. Qd3 Nd7 19. Rac1 Ndf6
20. c4 Nh5 21. g3 Rb8 22. Nd2 Nhf6 23. Nxe4 Rxe4 24. dxc5 dxc5 25. Rc2 Rd4
26. Qf3 Qe6 27. Rd1 Rxd1+ 28. Bxd1 Rb1 29. Kg2 Qe1 30. Be2 g5 31. Qf5 h6
32. Qxc5 g4 33. Bxg4 Nxg4 34. Kh3 Nf6 35. Qf5 Qe6 36. Qxe6 fxe6 37. c5 Rb7
38. g4 Rc7 39. f4 Nd7 40. f5 exf5 41. gxf5 Rxc5 42. Rd2 Nf6 43. Rd6 Ra5 44.
Rb6 Rxa2 45. Rb7+ Kf8 46. Rb8+ Ke7 47. Rb7+ Kd6 48. Rf7 Ke5 49. Kh4 Rxh2+
50. Kg3 Ra2 51. Rb7 Kxf5 52. Rb6 a5 53. Rb5+ Kg6 54. Kf4 a4 55. Rb6 a3 56.
Ke5 Re2+ 57. Kd4 a2 58. Ra6 h5 59. Kd3 Rf2 60. Ke3 Rb2 61. Kd4 h4 62. Ke5
Kg5 63. Rxf6 Re2+ 64. Kd4 Kxf6 65. Kd3 a1=Q 66. Kxe2 Qc3 67. Kf2 Qg3+ 68.
Kf1 Qh2 69. Ke1 Ke5 70. Kd1 Kd4 71. Kc1 Kc3 { White resigns } 0-1

[Event "ICC tourney 2198 (45 10)"]
[Site "Internet Chess Club"]
[Date "2020.12.12"]
[Round "1"]
[White "pika0008"]
[Black "BigC"]
[Result "1/2-1/2"]
[ICCResult "Game drawn by repetition"]
[WhiteElo "1840"]
[BlackElo "2290"]
[Opening "English opening"]
[ECO "A05"]
[NIC "QP.11"]
[Time "11:09:07"]
[PlyCount "119"]
[TimeControl "2700+10"]


1. Nf3 Nf6 2. c4 e6 3. e3 d5 4. b3 Be7 5. Bb2 O-O 6. Qc2 b6 7. Be2 Bb7 8.
O-O c5 9. d4 Nbd7 10. Nbd2 Rc8 11. Rac1 b5 12. Qb1 bxc4 13. bxc4 Ba6 14.
Rfe1 Nb6 15. cxd5 Bxe2 16. Rxe2 Nfxd5 17. dxc5 Rxc5 18. Rxc5 Bxc5 19. Ne4
Be7 20. Ne5 Na4 21. Nc6 Qb6 22. Qc1 Rc8 23. Rc2 Rxc6 24. Rxc6 Qxb2 25. Rc8+
Bf8 26. Qxb2 Nxb2 27. Ra8 g6 28. Rxa7 Nc4 29. Kf1 h6 30. Ke2 Na3 31. h4 f5
32. Ng3 Nc3+ 33. Kf1 Ncb5 34. Rb7 Nd6 35. Rd7 Nf7 36. h5 Kg7 37. hxg6 Kxg6
38. Ne2 Kf6 39. Nf4 Bd6 40. Nh5+ Kg6 41. Nf4+ Bxf4 42. exf4 e5 43. Ra7 Nc4
44. fxe5 Nfxe5 45. a4 Nc6 46. Ra6 Na5 47. Ke2 Kg5 48. Kf3 Nc4 49. Kg3 Nd4
50. f3 Ne3 51. a5 f4+ 52. Kh2 Ne2 53. Ra8 Nf1+ 54. Kh1 Kh4 55. Rg8 Nfg3+
56. Kh2 Nf1+ 57. Kh1 Nfg3+ 58. Kh2 Nf1+ 59. Kh1 Nfg3+ 60. Kh2 { Game drawn
by repetition } 1/2-1/2

[Event "ICC tourney 2198 (45 10)"]
[Site "Internet Chess Club"]
[Date "2020.12.12"]
[Round "1"]
[White "AlexandreKaram"]
[Black "RagingKnightNC"]
[Result "1/2-1/2"]
[ICCResult "Game drawn because neither player has mating material"]
[WhiteElo "1783"]
[BlackElo "2112"]
[Opening "Sicilian: Najdorf, Zagreb (fianchetto) variation"]
[ECO "B91"]
[NIC "SI.14"]
[Time "11:02:40"]
[PlyCount "152"]
[TimeControl "2700+10"]


1. e4 c5 2. Nf3 d6 3. d4 cxd4 4. Nxd4 Nf6 5. Nc3 a6 6. g3 e5 7. Nde2 Be7 8.
Bg2 b5 9. Nd5 Nbd7 10. Nec3 Bb7 11. Be3 O-O 12. O-O Nxd5 13. Nxd5 Nf6 14.
Bb6 Qd7 15. Nxf6+ Bxf6 16. Ba5 Bd8 17. Bxd8 Rfxd8 18. c3 Qc6 19. Qb3 Rac8
20. Rfd1 Qc4 21. Qxc4 Rxc4 22. Bf1 Rc5 23. Bg2 Rc4 24. Bf1 Rc5 25. Bg2 f6
26. Rd2 Kf7 27. a4 Rd7 28. f3 Ke7 29. Bf1 d5 30. axb5 axb5 31. exd5 b4 32.
cxb4 Rcxd5 33. Rxd5 Bxd5 34. Kf2 Rb7 35. b5 Be6 36. Rc1 Bd7 37. Rc5 Kd6 38.
b4 Rc7 39. Rxc7 Kxc7 40. Ke3 f5 41. Bd3 Bc8 42. g4 g6 43. g5 Be6 44. Kd2
Bd5 45. Ke3 Kb6 46. h4 Kc7 47. Be2 Kd7 48. Kd3 Kd6 49. Kc3 Kc7 50. Kb2 Kb6
51. Ka3 e4 52. fxe4 Bxe4 53. Kb2 Bd5 54. Kc3 Be6 55. Kd4 Bd7 56. Bc4 Bxb5
57. Bg8 Be8 58. Bxh7 Kb5 59. Kc3 f4 60. Kd4 Kxb4 61. Ke4 Kc5 62. Kxf4 Kd6
63. Bg8 Ke7 64. Ke5 Kf8 65. Bd5 Kg7 66. Kd6 Ba4 67. Ke7 Bc2 68. Bf3 Bf5 69.
h5 gxh5 70. Bxh5 Bg6 71. Bf3 Bf5 72. Bh5 Bg4 73. Be8 Bf5 74. Kd6 Bg6 75.
Ke5 Bxe8 76. g6 Bxg6 { Game drawn because neither player has mating
material } 1/2-1/2

[Event "ICC tourney 2198 (45 10)"]
[Site "Internet Chess Club"]
[Date "2020.12.12"]
[Round "1"]
[White "kralj8"]
[Black "avats"]
[Result "1-0"]
[ICCResult "Black resigns"]
[WhiteElo "1935"]
[BlackElo "1589"]
[Opening "French: Rubinstein variation"]
[ECO "C10"]
[NIC "FR.07"]
[Time "11:02:27"]
[PlyCount "139"]
[TimeControl "2700+10"]


1. e4 e6 2. d4 d5 3. Nc3 dxe4 4. Nxe4 Nd7 5. Nf3 Ngf6 6. Bg5 Be7 7. Bd3
Nxe4 8. Bxe7 Qxe7 9. Bxe4 Nf6 10. Bd3 O-O 11. c3 b6 12. O-O Bb7 13. b4 Rfd8
14. b5 c5 15. bxc6 Bxc6 16. Ne5 Bb7 17. a4 Nd5 18. Qd2 Qc7 19. Rfc1 Rac8
20. Rc2 a5 21. Be2 Qe7 22. Bf3 f6 23. Nd3 Rc4 24. Nb2 Rc7 25. Re1 Qd6 26.
Nd3 Rdc8 27. Rec1 Ba6 28. Nb2 Bb7 29. c4 Nb4 30. Bxb7 Rxb7 31. c5 bxc5 32.
dxc5 Qxd2 33. Rxd2 Rbc7 34. Re1 e5 35. f4 exf4 36. Nc4 Rxc5 37. Nb6 Rc1 38.
Rdd1 Rxd1 39. Rxd1 Rc5 40. Rd8+ Kf7 41. Ra8 g5 42. Ra7+ Kg6 43. Nd7 Rd5 44.
Nf8+ Kf5 45. Nxh7 Re5 46. h3 Re1+ 47. Kh2 Nd3 48. Rxa5+ Kg6 49. Nf8+ Kf7
50. Nd7 Nf2 51. g4 f3 52. Kg3 Nxh3 53. Kxf3 Nf4 54. Ra6 Re6 55. Ra8 Nd5 56.
a5 Re7 57. Nc5 Nb4 58. a6 Nxa6 59. Rxa6 Kg6 60. Ne4 Rf7 61. Re6 Kg7 62. Ng3
Kg6 63. Nh5 Rf8 64. Ke4 Rf7 65. Ng3 Rh7 66. Nf5 Rh4 67. Nxh4+ gxh4 68. Kf4
h3 69. Re1 h2 70. Rh1 { Black resigns } 1-0

[Event "ICC tourney 2198 (45 10)"]
[Site "Internet Chess Club"]
[Date "2020.12.12"]
[Round "2"]
[White "KRASAVCHIK"]
[Black "bonnelleo1"]
[Result "1-0"]
[ICCResult "Black resigns"]
[WhiteElo "2648"]
[BlackElo "1896"]
[Opening "French: Tarrasch"]
[ECO "C03"]
[NIC "FR.14"]
[Time "13:35:40"]
[PlyCount "49"]
[TimeControl "2700+10"]


1. e4 e6 2. d4 d5 3. Nd2 Be7 4. Ngf3 c5 5. c3 cxd4 6. cxd4 Nf6 7. Bd3 Nc6
8. O-O Qb6 9. e5 Nd7 10. Re1 Nxd4 11. Nxd4 Qxd4 12. Nf3 Qb6 13. Qa4 Qb4 14.
Qc2 h6 15. Bd2 Qb6 16. Qa4 Bc5 17. Re2 Qd8 18. Qg4 g6 19. Bxg6 fxg6 20.
Qxg6+ Kf8 21. Bxh6+ Rxh6 22. Qxh6+ Ke7 23. Qg7+ Ke8 24. Ng5 Qe7 25. Qg6+ {
Black resigns } 1-0

[Event "ICC tourney 2198 (45 10)"]
[Site "Internet Chess Club"]
[Date "2020.12.12"]
[Round "2"]
[White "wangfang75"]
[Black "Openyagami"]
[Result "0-1"]
[ICCResult "White resigns"]
[WhiteElo "1858"]
[BlackElo "2604"]
[Opening "Sicilian: Labourdonnais-Löwenthal (Kalashnikov) variation"]
[ECO "B32"]
[NIC "SI.32"]
[Time "13:36:10"]
[PlyCount "54"]
[TimeControl "2700+10"]


1. e4 c5 2. Nf3 Nc6 3. d4 cxd4 4. Nxd4 e5 5. Nb5 d6 6. N1c3 a6 7. Na3 b5 8.
Nd5 Nge7 9. c4 Nxd5 10. Qxd5 Bd7 11. cxb5 Nd4 12. Qc4 axb5 13. Qd3 d5 14.
Nc2 Nxc2+ 15. Qxc2 Bb4+ 16. Bd2 Rc8 17. Qd1 Qh4 18. Bd3 dxe4 19. g3 Bxd2+
20. Qxd2 Qg4 21. Be2 Qe6 22. Qb4 Qe7 23. Qxe4 Bc6 24. Qg4 O-O 25. O-O f5
26. Qh5 Qb4 27. Bf3 g6 { White resigns } 0-1

[Event "ICC tourney 2198 (45 10)"]
[Site "Internet Chess Club"]
[Date "2020.12.12"]
[Round "2"]
[White "juicysnail"]
[Black "Leolix"]
[Result "0-1"]
[ICCResult "White resigns"]
[WhiteElo "2247"]
[BlackElo "1947"]
[Opening "Queen's pawn, Mason variation, Steinitz counter-gambit"]
[ECO "D00"]
[NIC "QP.08"]
[Time "13:36:12"]
[PlyCount "38"]
[TimeControl "2700+10"]


1. d4 d5 2. Bf4 c5 3. e3 Nc6 4. c3 Qb6 5. Qb3 c4 6. Qc2 Bf5 7. Qxf5 Qxb2 8.
Qxd5 Qxa1 9. Qb5 O-O-O 10. Bxc4 e5 11. dxe5 a6 12. Qb3 Na5 13. Be6+ fxe6
14. Qxe6+ Kb8 15. Qb6 Nc6 16. Ne2 Qxa2 17. O-O Qxe2 18. e6+ Bd6 19. Nd2 Qb5
{ White resigns } 0-1

[Event "ICC tourney 2198 (45 10)"]
[Site "Internet Chess Club"]
[Date "2020.12.12"]
[Round "2"]
[White "abi2009"]
[Black "saisneha"]
[Result "0-1"]
[ICCResult "White checkmated"]
[WhiteElo "1712"]
[BlackElo "1883"]
[Opening "Giuoco Pianissimo: Italian four knights variation"]
[ECO "C50"]
[NIC "IG.02"]
[Time "13:36:12"]
[PlyCount "48"]
[TimeControl "2700+10"]


1. e4 e5 2. Nf3 Nc6 3. Bc4 Bc5 4. Nc3 Nf6 5. d3 O-O 6. Bg5 h6 7. Bh4 d6 8.
Nd5 g5 9. Bg3 Nxd5 10. Bxd5 Kg7 11. h4 g4 12. Nh2 h5 13. f3 f5 14. exf5 Ne7
15. Be6 Bxe6 16. fxe6 Nf5 17. Bf2 Bxf2+ 18. Kxf2 Qxh4+ 19. Kg1 Ng3 20. fxg4
hxg4 21. Qxg4+ Qxg4 22. Nxg4 Ne2+ 23. Kh2 Rh8+ 24. Nh6 Rxh6# { White
checkmated } 0-1

[Event "ICC tourney 2198 (45 10)"]
[Site "Internet Chess Club"]
[Date "2020.12.12"]
[Round "2"]
[White "Chesslegend21"]
[Black "AJ2000"]
[Result "1-0"]
[ICCResult "Black resigns"]
[WhiteElo "2132"]
[BlackElo "1673"]
[Opening "Grünfeld: 5.Bg5"]
[ECO "D91"]
[NIC "GI.08"]
[Time "13:35:30"]
[PlyCount "49"]
[TimeControl "2700+10"]


1. d4 Nf6 2. c4 g6 3. Nc3 d5 4. Nf3 Bg7 5. Bg5 Ne4 6. cxd5 Nxg5 7. Nxg5 e6
8. Qd2 exd5 9. Qe3+ Kf8 10. Qf4 Bf6 11. h4 c6 12. e4 h6 13. Nxf7 Kxf7 14.
e5 Nd7 15. Bd3 Re8 16. O-O-O Kg7 17. exf6+ Qxf6 18. Qg3 Nb6 19. h5 Bf5 20.
hxg6 Bxd3 21. Rxd3 Qxg6 22. Qc7+ Kh8 23. Rdh3 Qg5+ 24. f4 Qe7 25. Rxh6+ {
Black resigns } 1-0

[Event "ICC tourney 2198 (45 10)"]
[Site "Internet Chess Club"]
[Date "2020.12.12"]
[Round "2"]
[White "SparkyNinja"]
[Black "Arsalchess"]
[Result "0-1"]
[ICCResult "White checkmated"]
[WhiteElo "1606"]
[BlackElo "1901"]
[Opening "Ruy Lopez: Marshall counter-attack"]
[ECO "C89"]
[NIC "RL.17"]
[Time "13:36:12"]
[PlyCount "84"]
[TimeControl "2700+10"]


1. e4 e5 2. Nf3 Nc6 3. Bb5 a6 4. Ba4 Nf6 5. O-O Be7 6. Re1 b5 7. Bb3 O-O 8.
c3 d5 9. exd5 Nxd5 10. d4 exd4 11. Nxd4 Nxd4 12. Bxd5 Qxd5 13. Rxe7 Bb7 14.
f3 Qc5 15. cxd4 Qxe7 16. Nc3 Rad8 17. Qe2 Rfe8 18. Qxe7 Rxe7 19. Kf2 Rxd4
20. Be3 Rd3 21. Re1 f6 22. Bc5 Rd2+ 23. Ne2 Re5 24. Ba3 Bd5 25. f4 Re8 26.
b3 Rxa2 27. Bc5 Bxb3 28. Kf3 Rexe2 29. Rxe2 Bd1 30. Kg3 Rxe2 31. Kh3 a5 32.
g3 b4 33. g4 b3 34. g5 b2 35. gxf6 b1=Q 36. f7+ Kxf7 37. f5 Qd3+ 38. Kh4
Rg2 39. Be7 Qe4+ 40. Kh3 Bg4+ 41. Kh4 Bxf5+ 42. Kh5 Bg6# { White checkmated
} 0-1

[Event "ICC tourney 2198 (45 10)"]
[Site "Internet Chess Club"]
[Date "2020.12.12"]
[Round "2"]
[White "amandapati"]
[Black "Luc2008"]
[Result "1-0"]
[ICCResult "Black resigns"]
[WhiteElo "2020"]
[BlackElo "1706"]
[Opening "Queen's Indian accelerated"]
[ECO "A50"]
[NIC "QP.07"]
[Time "13:35:34"]
[PlyCount "63"]
[TimeControl "2700+10"]


1. d4 Nf6 2. c4 b6 3. Nc3 Bb7 4. Qc2 d5 5. cxd5 Nxd5 6. e4 Nxc3 7. bxc3 e6
8. Nf3 Nd7 9. Bd3 c5 10. O-O Be7 11. d5 O-O 12. dxe6 fxe6 13. Bc4 Nf6 14.
Ng5 Qb8 15. Nxe6 Ng4 16. Nxf8+ Kxf8 17. f4 Qd6 18. e5 Qc6 19. h3 Nh6 20.
Qe2 a6 21. f5 b5 22. f6 bxc4 23. fxe7+ Kxe7 24. Bg5+ Kd7 25. Bxh6 gxh6 26.
Rf7+ Kc8 27. Qg4+ Kb8 28. Rb1 Ra7 29. e6 Ra8 30. Qg7 Ra7 31. Qe5+ Ka8 32.
Rf8+ { Black resigns } 1-0

[Event "ICC tourney 2198 (45 10)"]
[Site "Internet Chess Club"]
[Date "2020.12.12"]
[Round "2"]
[White "BigC"]
[Black "AlexandreKaram"]
[Result "1-0"]
[ICCResult "Black resigns"]
[WhiteElo "2290"]
[BlackElo "1783"]
[Opening "Sicilian: Pelikan, Chelyabinsk variation"]
[ECO "B33"]
[NIC "SI.37"]
[Time "13:35:31"]
[PlyCount "56"]
[TimeControl "2700+10"]


1. e4 c5 2. Nf3 Nc6 3. d4 cxd4 4. Nxd4 Nf6 5. Nc3 e5 6. Ndb5 d6 7. Bg5 a6
8. Na3 b5 9. Bxf6 gxf6 10. Nd5 Bg7 11. c3 f5 12. Bd3 Be6 13. Qh5 f4 14. g3
Bxd5 15. exd5 Ne7 16. Be4 Ng6 17. O-O-O b4 18. cxb4 Qb6 19. Nc2 O-O 20. h4
Rac8 21. Qf5 Rxc2+ 22. Bxc2 e4 23. Qxe4 Rc8 24. h5 Nf8 25. gxf4 Qxf2 26.
Rhg1 h6 27. Rg2 f5 28. Rxf2 fxe4 { Black resigns } 1-0

[Event "ICC tourney 2198 (45 10)"]
[Site "Internet Chess Club"]
[Date "2020.12.12"]
[Round "2"]
[White "RyanWu"]
[Black "AlexW2007"]
[Result "0-1"]
[ICCResult "White resigns"]
[WhiteElo "1738"]
[BlackElo "2107"]
[Opening "Grünfeld: exchange, classical variation"]
[ECO "D87"]
[NIC "GI.05"]
[Time "13:36:12"]
[PlyCount "68"]
[TimeControl "2700+10"]


1. d4 Nf6 2. c4 g6 3. Nc3 d5 4. cxd5 Nxd5 5. e4 Nxc3 6. bxc3 Bg7 7. Bc4 c5
8. Be3 Nc6 9. Ne2 O-O 10. O-O Qc7 11. Rc1 b6 12. Qc2 Bb7 13. Rfd1 Na5 14.
Bb3 Nxb3 15. axb3 cxd4 16. Bxd4 Rfd8 17. Bxg7 Kxg7 18. Ng3 Rac8 19. Rxd8
Rxd8 20. c4 Qe5 21. h3 h5 22. Re1 Qd4 23. Kh1 Qd2 24. Qxd2 Rxd2 25. f3 Rd3
26. Rb1 Kf6 27. Ne2 Ke5 28. Kg1 f5 29. exf5 gxf5 30. f4+ Kd6 31. Kf2 h4 32.
Rb2 Kc5 33. g3 hxg3+ 34. Nxg3 Rf3+ { White resigns } 0-1

[Event "ICC tourney 2198 (45 10)"]
[Site "Internet Chess Club"]
[Date "2020.12.12"]
[Round "2"]
[White "Spinninja"]
[Black "karuto2006"]
[Result "0-1"]
[ICCResult "White resigns"]
[WhiteElo "2107"]
[BlackElo "1699"]
[Opening "Neo-Grünfeld, 6.O-O"]
[ECO "D77"]
[NIC "GI.02"]
[Time "13:36:12"]
[PlyCount "64"]
[TimeControl "2700+10"]


1. d4 Nf6 2. c4 g6 3. g3 d5 4. Bg2 Bg7 5. Nf3 O-O 6. O-O b6 7. Ne5 Bb7 8.
Nc3 e6 9. Qc2 Nbd7 10. Rd1 Qe7 11. f4 a6 12. b3 Rab8 13. a4 Rfc8 14. Ba3
Qe8 15. e3 Nxe5 16. dxe5 Ng4 17. Qe2 Nh6 18. cxd5 exd5 19. Nxd5 Bxd5 20.
Rd2 Bxg2 21. Qxg2 Nf5 22. e4 Ne7 23. Rc1 c5 24. Qe2 Nc6 25. Qxa6 Nd4 26.
Rc3 b5 27. Rcd3 Ra8 28. Qb6 bxa4 29. bxa4 Bf8 30. Kg2 Qxa4 31. Bb2 Ne6 32.
Re2 Rcb8 { White resigns } 0-1

[Event "ICC tourney 2198 (45 10)"]
[Site "Internet Chess Club"]
[Date "2020.12.12"]
[Round "2"]
[White "kavyameiyappan"]
[Black "VibrantBroccoli"]
[Result "1/2-1/2"]
[ICCResult "Game drawn by mutual agreement"]
[WhiteElo "1628"]
[BlackElo "1811"]
[Opening "Giuoco Piano"]
[ECO "C54"]
[NIC "IG.02"]
[Time "13:35:23"]
[PlyCount "102"]
[TimeControl "2700+10"]


1. e4 e5 2. Nf3 Nc6 3. Bc4 Bc5 4. c3 Nf6 5. d4 exd4 6. cxd4 Bb4+ 7. Bd2
Nxe4 8. Bxb4 Nxb4 9. Bxf7+ Kxf7 10. Qb3+ d5 11. Qxb4 Re8 12. O-O Kg8 13.
Nbd2 b6 14. Qb3 Kh8 15. Rfe1 Bg4 16. Nxe4 dxe4 17. Ne5 Be6 18. Qxe6 Rxe6
19. Nf7+ Kg8 20. Nxd8 Rxd8 21. Rad1 Kf7 22. Kf1 Kf6 23. f3 exf3 24. Rxe6+
Kxe6 25. gxf3 Rd7 26. Kf2 Kd5 27. b3 Re7 28. Rd3 a5 29. Re3 Rf7 30. Re4 b5
31. Ke3 c6 32. Re5+ Kd6 33. a4 bxa4 34. bxa4 Ra7 35. f4 g6 36. h4 Ra6 37.
h5 Ra8 38. hxg6 hxg6 39. Rg5 Re8+ 40. Kd3 Re1 41. Rxg6+ Kd7 42. Rg5 Rf1 43.
Ke4 Re1+ 44. Kf3 Rf1+ 45. Ke3 Re1+ 46. Kf3 Rf1+ 47. Kg4 Rg1+ 48. Kh5 Rf1
49. Rxa5 Rxf4 50. d5 cxd5 51. Rxd5+ Kc6 { Game drawn by mutual agreement }
1/2-1/2

[Event "ICC tourney 2198 (45 10)"]
[Site "Internet Chess Club"]
[Date "2020.12.12"]
[Round "2"]
[White "Niteshc"]
[Black "Daniel-Lee"]
[Result "1-0"]
[ICCResult "Black resigns"]
[WhiteElo "1644"]
[BlackElo "1856"]
[Opening "Giuoco Piano"]
[ECO "C54"]
[NIC "IG.02"]
[Time "13:35:38"]
[PlyCount "71"]
[TimeControl "2700+10"]


1. e4 e5 2. Nf3 Nc6 3. Bc4 Bc5 4. c3 Nf6 5. d3 O-O 6. Bg5 h6 7. Bh4 Be7 8.
O-O d6 9. Bb3 Bg4 10. Nbd2 Qd7 11. Qe1 g5 12. Bg3 Nh5 13. h3 Be6 14. d4
Bxb3 15. Nxb3 Nxg3 16. fxg3 f5 17. Rd1 exd4 18. Nfxd4 fxe4 19. Qxe4 Rxf1+
20. Rxf1 Bf8 21. Qd5+ Kh8 22. Rf7 Qe8 23. Qf5 Qe3+ 24. Kh2 Bg7 25. Rxg7
Kxg7 26. Ne6+ Qxe6 27. Qxe6 Rf8 28. Nd4 Nxd4 29. cxd4 Rf7 30. h4 b6 31. h5
Rf6 32. Qe7+ Rf7 33. Qe4 Kh8 34. Qg6 Rh7 35. Qf6+ Kg8 36. Qd8+ { Black
resigns } 1-0

[Event "ICC tourney 2198 (45 10)"]
[Site "Internet Chess Club"]
[Date "2020.12.12"]
[Round "2"]
[White "gsmenon"]
[Black "funplaychess"]
[Result "1-0"]
[ICCResult "Black resigns"]
[WhiteElo "1920"]
[BlackElo "2306"]
[Opening "Réti: advance variation"]
[ECO "A09"]
[NIC "RE.16"]
[Time "13:35:26"]
[PlyCount "87"]
[TimeControl "2700+10"]


1. Nf3 d5 2. c4 d4 3. e3 Nc6 4. Nxd4 Nxd4 5. exd4 Qxd4 6. d3 e5 7. Be2 Ne7
8. Nc3 c6 9. O-O g6 10. Bg5 Bg7 11. Ne4 h6 12. Be3 Qd8 13. Qd2 f5 14. Nc3
b6 15. f4 exf4 16. Bxf4 g5 17. Be3 f4 18. Bh5+ Kd7 19. Bf2 Kc7 20. g3 Bf5
21. d4 Bg6 22. Bf3 Rf8 23. Rad1 Rc8 24. d5 cxd5 25. cxd5 Kb8 26. d6 Nc6 27.
d7 Rc7 28. Nb5 Ne5 29. Bxb6 axb6 30. Nxc7 Qxc7 31. d8=Q+ Rxd8 32. Qxd8+
Qxd8 33. Rxd8+ Kc7 34. Rd2 Nxf3+ 35. Rxf3 Be4 36. Rf1 Bc6 37. gxf4 Bf8 38.
fxg5 Bc5+ 39. Rff2 hxg5 40. Kf1 Bb5+ 41. Ke1 Bb4 42. Rf5 Bc4 43. b3 Be6 44.
Rxg5 { Black resigns } 1-0